Map: Orbital Shipyard

Players

LilDicky - Winner!

  • Race: Terran Terran
  • League: Diamond

Logifresh

  • Race: Protoss Protoss
  • League: Diamond

VOD

http://www.twitch.tv/tumescentpie

Description

Time

  • Played on: Jan. 3, 2016, 12:11 a.m.
  • Length: 10:04
Show
View Real Time Build Order
Export as new Build Order

LilDicky Terran - Winner!

Build Orders: MMM Bio 

Get SALT Encoding   

  12  0:01  SCV  
  13  0:18  Supply Depot, SCV  
  14  0:30  SCV  
  15  0:43  Refinery  
  15  0:45  Barracks  
  15  0:50  SCV  
  16  1:02  SCV  
  17  1:16  SCV  
  18  1:32  Supply Depot, Marine  
  19  1:35  Orbital Command  
  19  1:46  Factory  
  19  1:50  Marine  
  20  2:02  SCV  
  21  2:09  Barracks  
  21  2:13  Barracks  
  21  2:14  SCV, Refinery  
  22  2:23  Barracks Reactor  
  22  2:26  SCV  
  23  2:38  SCV  
  24  2:50  SCV, Supply Depot, Widow Mine  
  27  2:56  Barracks Tech Lab  
  26  2:59  Barracks Tech Lab  
  26  3:00  Marine x2  
  26  3:04  SCV  
  29  3:14  Stimpack  
  29  3:16  Marine  
  29  3:18  Combat Shields  
  29  3:19  Marine x3  
  32  3:25  Widow Mine  
  35  3:28  Supply Depot  
  35  3:31  SCV  
  36  3:45  Marine  
  39  3:49  Marine  
  39  3:50  Marine x2  
  39  3:54  Starport  
  40  3:56  Supply Depot  
  38  4:07  Marine  
  38  4:08  SCV  
  38  4:09  Marauder  
  40  4:14  Liberator  
  40  4:20  SCV, Marauder, Marine  
  44  4:29  Supply Depot  
  44  4:32  SCV  
  48  4:40  Marauder, Marine  
  51  4:46  Concussive Shells, Marauder  
  51  4:50  Marine  
  51  4:52  SCV  
  55  5:00  Supply Depot  
  55  5:08  Marine x2  
  55  5:09  Marine, Marauder  
  60  5:20  Medivac  
  62  5:26  Marine x2  
  64  5:30  Supply Depot  
  64  5:34  Widow Mine  
  66  5:36  Marine x2  
  50  6:26  Widow Mine  
  51  6:45  Orbital Command  
  51  7:13  Starport Tech Lab  
  51  7:29  Orbital Command  
  50  7:47  Command Center  
  48  8:15  Orbital Command  
  46  8:30  Banshee  
Show
View Real Time Build Order
Export as new Build Order

Logifresh Protoss 

Build Orders: 1 Gate Expand 

Get SALT Encoding   

  12  0:01  Probe (Chrono Boost)  
  13  0:13  Probe (Chrono Boost)  
  14  0:17  Pylon  
  14  0:32  Probe (Chrono Boost)  
  15  0:39  Gateway  
  15  0:42  Assimilator  
  15  0:48  Probe (Chrono Boost)  
  16  0:58  Probe (Chrono Boost)  
  17  1:16  Nexus  
  17  1:22  Probe (Chrono Boost)  
  18  1:32  Cybernetics Core  
  18  1:37  Assimilator  
  18  1:41  Probe (Chrono Boost)  
  19  1:52  Probe (Chrono Boost)  
  20  1:57  Pylon  
  20  2:02  Probe (Chrono Boost)  
  21  2:10  Warp Gate  
  21  2:13  Mothership Core (Chrono Boost)  
  23  2:21  Adept  
  25  2:29  Pylon  
  25  2:32  Probe (Chrono Boost)  
  26  2:37  Probe (Chrono Boost)  
  28  2:44  Probe (Chrono Boost)  
  28  2:51  Robotics Facility  
  28  2:56  Probe (Chrono Boost)  
  29  2:59  Probe (Chrono Boost)  
  30  3:06  Pylon  
  30  3:07  Probe (Chrono Boost)  
  31  3:13  Adept  
  31  3:18  Probe (Chrono Boost)  
  32  3:40  Observer (Chrono Boost)  
  33  3:48  Probe  
  33  3:50  Probe  
  33  3:53  Adept  
  37  4:01  Probe  
  37  4:03  Probe  
  39  4:18  Observer (Chrono Boost)  
  39  4:19  Probe  
  39  4:20  Probe  
  42  4:32  Gateway  
  42  4:33  Gateway  
  42  4:35  Probe  
  42  4:36  Warp Prism (Chrono Boost)  
  42  4:37  Assimilator  
  45  4:47  Gateway  
  45  4:48  Gateway, Probe  
  45  4:50  Probe  
  45  4:52  Assimilator  
  47  4:55  Forge  
  47  4:59  Adept  
  49  5:07  Probe  
  50  5:17  Immortal (Chrono Boost)  
  50  5:20  Twilight Council  
  54  5:23  Probe  
  54  5:24  Probe  
  56  5:30  Photon Cannon  
  56  5:33  Protoss Ground Weapons Level 1  
  56  5:44  Stalker x2  
  56  5:45  Stalker  
  45  6:15  Zealot x5  
  14  7:29  Nexus, Pylon x2  
Tags
 
Add a new tag
Caveats
  • Supply blocks, unpowered buildings, or Contaminate may cause inaccurate times.
  • Supply counts are checked every 10 seconds.